Tampa Bay Lightning vs St.Louis Blues
Created - Tuesday, March 14, 2023 at 07:28
Goals
|
| Tampa Bay Lightning |
0 |
1 |
2 |
3 |
| St.Louis Blues |
0 |
1 |
0 |
1 |
|
Shots
|
| Tampa Bay Lightning |
11 |
10 |
8 |
29 |
| St.Louis Blues |
12 |
20 |
7 |
39 |
|
1st period
No Goal
Penalties :
Colton Parayko (STL) for Hooking (Minor) at 6:08, Alex Pietrangelo (STL) for Tripping (Minor) at 10:44, Alex Pietrangelo (STL) for Hooking (Minor) at 14:00
2nd period
1. St.Louis Blues , Alex DeBrincat 1 (Alex Pietrangelo 2, Robert Thomas 1) at 3:54
2. Tampa Bay Lightning , Kirill Kaprizov 1 (Roope Hintz 1, Ryan Graves 1) at 19:56 (PP)
Penalties :
Darnell Nurse (TBL) for Tripping (Minor) at 17:46, Morgan Rielly (STL) for Hooking (Minor) at 18:06
3rd period
3. Tampa Bay Lightning , Roope Hintz 1 (Anze Kopitar 1, Vladislav Gavrikov 1) at 6:21
4. Tampa Bay Lightning , Christian Dvorak 1 (Kirill Kaprizov 2) at 8:00
Penalties :
Vladislav Gavrikov (TBL) for Roughing (Minor) at 8:59
Goalie Stats
Darcy Kuemper (TBL), 38 saves from 39 shots - (0.974), W, 1-1-0, 60:00 minutes
Scott Wedgewood (STL), 26 saves from 29 shots - (0.897), L, 0-2-0, 60:00 minutes
Players Stats for Tampa Bay Lightning
Player Name G A P +/- PIM S H SB GA TA FO MP PP MP PK MP
------------------------------------------------------------------------------------
Alexander Kerfoot 0 0 0 0 0 1 1 0 0 0 1/1 7:03 0:00 0:20
Alexander Romanov 0 0 0 1 0 0 2 0 0 0 0/0 14:34 0:00 1:32
Anze Kopitar 0 1 1 1 0 4 1 0 0 0 14/21 18:29 3:10 0:00
Christian Dvorak 1 0 1 1 0 2 2 1 0 0 7/10 12:08 0:00 1:27
Connor Brown 0 0 0 -1 0 2 1 0 0 0 0/0 18:26 0:00 0:32
Darnell Nurse 0 0 0 0 2 0 0 2 0 0 0/0 25:33 2:28 0:47
Dylan Cozens 0 0 0 1 0 2 1 0 1 1 1/3 17:19 2:47 0:00
Gabriel Landeskog 0 0 0 1 0 6 2 0 2 0 1/1 14:44 3:10 0:00
Hampus Lindholm 0 0 0 0 0 3 0 1 1 1 0/0 19:24 3:40 0:28
Ivan Barbashev 0 0 0 0 0 0 1 0 0 0 0/0 8:20 0:00 1:27
Johnny Gaudreau 0 0 0 -1 0 1 1 1 1 0 2/2 21:02 2:47 0:00
Kirill Kaprizov 1 1 2 1 0 3 1 0 0 0 1/1 14:51 3:21 0:20
Lars Eller 0 0 0 0 0 0 1 2 0 0 0/2 6:43 0:00 0:00
Moritz Seider 0 0 0 0 0 1 4 0 0 1 0/0 27:04 3:51 1:12
Roope Hintz 1 1 2 1 0 2 2 1 2 0 0/1 17:43 2:28 0:00
Ryan Graves 0 1 1 1 0 0 1 0 0 0 0/0 13:47 0:11 0:19
Tomas Hertl 0 0 0 -1 0 1 6 0 1 0 21/28 21:34 2:47 0:32
Vladislav Gavrikov 0 1 1 0 2 1 0 0 0 0 0/0 17:16 0:00 0:20
Players Stats for St.Louis Blues
Player Name G A P +/- PIM S H SB GA TA FO MP PP MP PK MP
------------------------------------------------------------------------------------
Adam Pelech 0 0 0 0 0 2 0 1 0 0 0/0 16:48 0:00 3:21
Alex DeBrincat 1 0 1 1 0 3 3 2 0 1 0/1 14:55 0:57 0:00
Alex Pietrangelo 0 1 1 -1 4 4 1 2 0 0 0/0 24:41 0:43 1:00
Alex Tuch 0 0 0 -1 0 2 2 0 0 0 0/1 20:19 1:22 0:35
Colton Parayko 0 0 0 -1 2 1 1 2 0 1 0/0 24:05 0:00 1:53
Danny DeKeyser 0 0 0 0 0 1 0 1 0 1 0/0 15:50 0:00 3:26
Elias Pettersson 0 0 0 -1 0 1 1 0 1 1 6/28 20:19 1:22 0:35
Evander Kane 0 0 0 -1 0 3 4 0 0 0 0/0 13:23 0:57 0:00
Frederick Gaudreau 0 0 0 0 0 2 0 0 0 0 5/9 10:00 0:00 3:23
Jack Eichel 0 0 0 -1 0 4 2 0 0 1 4/12 11:32 0:00 0:00
Jake Guentzel 0 0 0 -1 0 2 3 0 0 0 0/1 19:05 1:36 0:00
Jimmy Vesey 0 0 0 0 0 2 2 0 0 1 0/0 10:00 0:00 3:23
Joe Pavelski 0 0 0 -1 0 2 0 0 0 1 0/3 12:54 1:22 0:00
Jonas Brodin 0 0 0 0 0 3 0 2 0 0 0/0 18:48 0:00 2:36
Morgan Rielly 0 0 0 0 2 0 0 3 0 1 0/0 17:40 1:35 0:00
Ondrej Kase 0 0 0 0 0 2 0 0 0 0 0/0 8:40 0:00 2:10
Robert Thomas 0 1 1 1 0 2 0 0 0 0 7/14 17:29 0:57 2:10
Tage Thompson 0 0 0 1 0 3 1 0 2 0 0/1 15:41 0:43 0:00
3 Stars
1 - Darcy Kuemper (TBL)
2 - Roope Hintz (TBL)
3 - Kirill Kaprizov (TBL)
Power Play
Tampa Bay Lightning - 1 on 4 Attempt(s) - 25.00%
St.Louis Blues - 0 on 2 Attempt(s) - 0.00%
Penalty Kill
Tampa Bay Lightning - 2 on 2 Attempt(s) - 100.00%
- Score 0 goal in Penalty Kill
St.Louis Blues - 3 on 4 Attempt(s) - 75.00%
- Score 0 goal in Penalty Kill
Team Stat
Tampa Bay Lightning - Hits : 27 - Faceoff Wins : 48 - Blocked Shots : 8 - Penalty Minutes : 4
St.Louis Blues - Hits : 20 - Faceoff Wins : 22 - Blocked Shots : 13 - Penalty Minutes : 8
Official
Referees : Kendrick Nicholson and Brad Meier
Linesman : Andy McElman and Scott Driscoll
Game Notes
No Game Note
Finance
Level 1 -- Attendance: 5345 (89.08%) -- Ticket Income $518,465
Level 2 -- Attendance: 4331 (86.62%) -- Ticket Income $246,867
Level 3 -- Attendance: 3000 (100.00%) -- Ticket Income $102,000
Level 4 -- Attendance: 4437 (88.74%) -- Ticket Income $102,051
Luxury Box -- Attendance: 964 (96.40%) -- Ticket Income $187,016
Game was played at the Scottrade Center.
Total Attendance: 18077 (90.39%)
Total Ticket Income: $1,156,399
Other Income: $404,740
Total Income: $1,561,139
Tampa Bay Lightning
5 vs 5 Forward
Center Left Wing Right Wing Time % Phy DF OF
1 Tomas Hertl Johnny Gaudreau Connor Brown 40 1 2 2
2 Anze Kopitar Roope Hintz Dylan Cozens 30 1 2 2
3 Christian Dvorak Kirill Kaprizov Gabriel Landeskog 25 1 2 2
4 Lars Eller Alexander Kerfoot Ivan Barbashev 5 1 2 2
5 vs 5 Defense
Defense Defense Time % Phy DF OF
1 Darnell Nurse Moritz Seider 40 1 2 2
2 Vladislav Gavrikov Hampus Lindholm 30 1 2 2
3 Ryan Graves Alexander Romanov 25 1 2 2
4 Darnell Nurse Vladislav Gavrikov 5 1 2 2
PowerPlay Forward
Center Left Wing Right Wing Time % Phy DF OF
1 Anze Kopitar Kirill Kaprizov Gabriel Landeskog 60 1 2 2
2 Tomas Hertl Johnny Gaudreau Dylan Cozens 40 1 2 2
PowerPlay Defense
Defense Defense Time % Phy DF OF
1 Moritz Seider Hampus Lindholm 60 1 2 2
2 Darnell Nurse Roope Hintz 40 1 2 2
Penalty Kill 4 Players Forward
Center Wing Time % Phy DF OF
1 Christian Dvorak Ivan Barbashev 60 1 2 2
2 Tomas Hertl Connor Brown 40 1 2 2
Penalty Kill 4 Players Defense
Defense Defense Time % Phy DF OF
1 Vladislav Gavrikov Alexander Romanov 60 1 2 2
2 Darnell Nurse Ryan Graves 40 1 2 2
Penalty Kill - 3 Players Forward
Forward Time % Phy DF OF
1 Anze Kopitar 60 1 2 2
2 Tomas Hertl 40 1 2 2
Penalty Kill - 3 Players Defense
Defense Defense Time % Phy DF OF
1 Vladislav Gavrikov Alexander Romanov 60 1 2 2
2 Darnell Nurse Ryan Graves 40 1 2 2
4 vs 4 Forward
Center Wing Time % Phy DF OF
1 Anze Kopitar Gabriel Landeskog 60 1 2 2
2 Tomas Hertl Johnny Gaudreau 40 1 2 2
4 vs 4 Defense
Defense Defense Time % Phy DF OF
1 Darnell Nurse Moritz Seider 60 1 2 2
2 Vladislav Gavrikov Alexander Romanov 40 1 2 2
Last Minutes Offensive
Center Left Wing Right Wing Defense Defense
Tomas Hertl Johnny Gaudreau Gabriel Landeskog Darnell Nurse Moritz Seider
Last Minutes Defensive
Center Left Wing Right Wing Defense Defense
Anze Kopitar Tomas Hertl Connor Brown Darnell Nurse Vladislav Gavrikov
Goaltenders
Starting : Darcy Kuemper
Backup : Jeremy Swayman
Extra Forwards
Normal : Kirill Kaprizov, Roope Hintz, Johnny Gaudreau - PP : Ivan Barbashev, Alexander Kerfoot - PK : Alexander Kerfoot
Extra Defensemen
Normal : Moritz Seider, Vladislav Gavrikov, Ryan Graves - PP : Vladislav Gavrikov - PK : Moritz Seider, Hampus Lindholm
Penalty Shots
Christian Dvorak, Alexander Kerfoot, Anze Kopitar, Johnny Gaudreau, Gabriel Landeskog
St.Louis Blues
5 vs 5 Forward
Center Left Wing Right Wing Time % Phy DF OF
1 Elias Pettersson Jake Guentzel Alex Tuch 40 0 2 3
2 Robert Thomas Alex DeBrincat Tage Thompson 30 1 2 2
3 Jack Eichel Evander Kane Joe Pavelski 20 0 2 3
4 Frederick Gaudreau Jimmy Vesey Ondrej Kase 10 1 3 1
5 vs 5 Defense
Defense Defense Time % Phy DF OF
1 Alex Pietrangelo Colton Parayko 40 1 2 2
2 Morgan Rielly Jonas Brodin 30 1 2 2
3 Danny DeKeyser Adam Pelech 20 1 2 2
4 Alex Pietrangelo Colton Parayko 10 1 2 2
PowerPlay Forward
Center Left Wing Right Wing Time % Phy DF OF
1 Joe Pavelski Alex Tuch Elias Pettersson 60 1 0 4
2 Robert Thomas Alex DeBrincat Evander Kane 40 1 0 4
PowerPlay Defense
Defense Defense Time % Phy DF OF
1 Morgan Rielly Jake Guentzel 60 0 1 4
2 Tage Thompson Alex Pietrangelo 40 0 1 4
Penalty Kill 4 Players Forward
Center Wing Time % Phy DF OF
1 Frederick Gaudreau Jimmy Vesey 60 1 4 0
2 Robert Thomas Ondrej Kase 40 1 4 0
Penalty Kill 4 Players Defense
Defense Defense Time % Phy DF OF
1 Adam Pelech Danny DeKeyser 60 2 3 0
2 Jonas Brodin Colton Parayko 40 2 3 0
Penalty Kill - 3 Players Forward
Forward Time % Phy DF OF
1 Frederick Gaudreau 60 0 5 0
2 Robert Thomas 40 0 5 0
Penalty Kill - 3 Players Defense
Defense Defense Time % Phy DF OF
1 Adam Pelech Danny DeKeyser 60 1 4 0
2 Jonas Brodin Colton Parayko 40 1 4 0
4 vs 4 Forward
Center Wing Time % Phy DF OF
1 Elias Pettersson Alex Tuch 60 0 2 3
2 Robert Thomas Jake Guentzel 40 0 2 3
4 vs 4 Defense
Defense Defense Time % Phy DF OF
1 Alex Pietrangelo Colton Parayko 60 0 3 2
2 Morgan Rielly Jonas Brodin 40 0 3 2
Last Minutes Offensive
Center Left Wing Right Wing Defense Defense
Robert Thomas Elias Pettersson Jake Guentzel Alex Tuch Morgan Rielly
Last Minutes Defensive
Center Left Wing Right Wing Defense Defense
Frederick Gaudreau Jimmy Vesey Ondrej Kase Adam Pelech Alex Pietrangelo
Goaltenders
Starting : Scott Wedgewood
Backup : Frederik Andersen
Extra Forwards
Normal : Tage Thompson, Evander Kane, Frederick Gaudreau - PP : Alex DeBrincat, Jack Eichel - PK : Alex Tuch
Extra Defensemen
Normal : Morgan Rielly, Adam Pelech, Colton Parayko - PP : Jonas Brodin - PK : Colton Parayko, Alex Pietrangelo
Penalty Shots
Alex DeBrincat, Joe Pavelski, Alex Tuch, Elias Pettersson, Robert Thomas
% Time on Ice - Tampa Bay Lightning
Lines # - Real PCT - Wanted PCT - Time Play
Normal Forward
1 - 37% - 40% - 18:23
2 - 29% - 30% - 14:17
3 - 21% - 25% - 10:31
4 - 13% - 5% - 6:43
Normal Defense
1 - 42% - 40% - 21:05
2 - 30% - 30% - 15:01
3 - 25% - 25% - 12:35
4 - 2% - 5% - 1:13
PP Forward
1 - 55% - 60% - 3:21
2 - 45% - 40% - 2:47
PP Defense
1 - 63% - 60% - 3:51
2 - 37% - 40% - 2:17
PK Forward
1 - 77% - 60% - 1:47
2 - 23% - 40% - 0:32
PK Defense
1 - 86% - 60% - 2:00
2 - 14% - 40% - 0:19
PK3 Forward
1 - 0% - 60%
2 - 0% - 40%
PK3 Defense
1 - 0% - 60%
2 - 0% - 40%
44 Forward
1 - 80% - 60% - 1:19
2 - 20% - 40% - 0:20
44 Defense
1 - 73% - 60% - 1:12
2 - 27% - 40% - 0:27
Last Minute Offensive - 0:00
Last Minute Defensive - 0:00
Total
Forward - 60:00
Defense - 60:00
|
% Time on Ice - St.Louis Blues
Lines # - Real PCT - Wanted PCT - Time Play
Normal Forward
1 - 36% - 40% - 17:49
2 - 29% - 30% - 14:24
3 - 23% - 20% - 11:32
4 - 12% - 10% - 6:09
Normal Defense
1 - 39% - 40% - 19:37
2 - 33% - 30% - 16:39
3 - 24% - 20% - 11:50
4 - 4% - 10% - 1:48
PP Forward
1 - 59% - 60% - 1:22
2 - 41% - 40% - 0:57
PP Defense
1 - 69% - 60% - 1:36
2 - 31% - 40% - 0:43
PK Forward
1 - 65% - 60% - 3:58
2 - 35% - 40% - 2:10
PK Defense
1 - 58% - 60% - 3:32
2 - 42% - 40% - 2:36
PK3 Forward
1 - 0% - 60%
2 - 0% - 40%
PK3 Defense
1 - 0% - 60%
2 - 0% - 40%
44 Forward
1 - 97% - 60% - 1:36
2 - 3% - 40% - 0:03
44 Defense
1 - 57% - 60% - 0:56
2 - 43% - 40% - 0:43
Last Minute Offensive - 0:00
Last Minute Defensive - 0:00
Total
Forward - 60:00
Defense - 60:00
|
Play-by-Play
1st period
0:01 of 1st period - Johnny Gaudreau wins face-off versus Elias Pettersson in neutral zone.
0:08 of 1st period - Wrist shot by Johnny Gaudreau.
0:08 of 1st period - Shot Misses the Net.
0:10 of 1st period - Wrist shot by Tomas Hertl.
0:10 of 1st period - Stopped by Scott Wedgewood without a rebound.
0:11 of 1st period - Robert Thomas wins face-off versus Anze Kopitar in St.Louis Blues zone.
0:38 of 1st period - Joe Pavelski is hit by Gabriel Landeskog.
0:42 of 1st period - Slapshot by Jack Eichel.
0:42 of 1st period - Shot Blocked by Christian Dvorak.
0:44 of 1st period - Slapshot by Adam Pelech.
0:44 of 1st period - Stopped by Darcy Kuemper without a rebound.
0:45 of 1st period - Tomas Hertl wins face-off versus Elias Pettersson in Tampa Bay Lightning zone.
0:45 of 1st period - Tomas Hertl is hit by Elias Pettersson.
1:32 of 1st period - Snap shot by Alex Tuch.
1:32 of 1st period - Shot Misses the Net.
2:02 of 1st period - Wrist shot by Jake Guentzel.
2:02 of 1st period - Shot Blocked by Lars Eller.
2:08 of 1st period - Slapshot by Alex Tuch.
2:08 of 1st period - Shot Blocked by Lars Eller.
2:10 of 1st period - Slapshot by Adam Pelech.
2:10 of 1st period - Stopped by Darcy Kuemper without a rebound.
2:11 of 1st period - Christian Dvorak wins face-off versus Robert Thomas in Tampa Bay Lightning zone.
2:20 of 1st period - Slapshot by Gabriel Landeskog.
2:20 of 1st period - Stopped by Scott Wedgewood without a rebound.
2:21 of 1st period - Robert Thomas wins face-off versus Christian Dvorak in St.Louis Blues zone.
2:38 of 1st period - Snap shot by Kirill Kaprizov.
2:38 of 1st period - Shot Misses the Net.
3:05 of 1st period - Wrist shot by Kirill Kaprizov.
3:05 of 1st period - Stopped by Scott Wedgewood without a rebound.
3:06 of 1st period - Tomas Hertl wins face-off versus Jack Eichel in St.Louis Blues zone.
3:11 of 1st period - Snap shot by Johnny Gaudreau.
3:11 of 1st period - Stopped by Scott Wedgewood without a rebound.
3:12 of 1st period - Jack Eichel wins face-off versus Tomas Hertl in St.Louis Blues zone.
3:21 of 1st period - Snap shot by Evander Kane.
3:21 of 1st period - Stopped by Darcy Kuemper without a rebound.
3:22 of 1st period - Frederick Gaudreau wins face-off versus Anze Kopitar in Tampa Bay Lightning zone.
3:33 of 1st period - Slapshot by Roope Hintz.
3:33 of 1st period - Deflect By Anze Kopitar.
3:33 of 1st period - Stopped by Scott Wedgewood without a rebound.
3:34 of 1st period - Tomas Hertl wins face-off versus Jack Eichel in St.Louis Blues zone.
3:45 of 1st period - Vladislav Gavrikov is hit by Jack Eichel and loses puck.
4:06 of 1st period - Backhand shot by Joe Pavelski.
4:06 of 1st period - Stopped by Darcy Kuemper with a rebound.
4:12 of 1st period - Slapshot by Dylan Cozens.
4:12 of 1st period - Shot Blocked by Alex Pietrangelo.
4:14 of 1st period - Snap shot by Anze Kopitar.
4:14 of 1st period - Shot Misses the Net.
4:32 of 1st period - Snap shot by Jake Guentzel.
4:32 of 1st period - Shot Misses the Net.
4:44 of 1st period - Danny DeKeyser is hit by Alexander Romanov and loses puck.
5:49 of 1st period - Slapshot by Gabriel Landeskog.
5:49 of 1st period - Stopped by Scott Wedgewood without a rebound.
5:50 of 1st period - Tomas Hertl wins face-off versus Robert Thomas in St.Louis Blues zone.
5:53 of 1st period - Snap shot by Johnny Gaudreau.
5:53 of 1st period - Deflect By Tomas Hertl.
5:53 of 1st period - Shot Blocked by Alex DeBrincat.
5:53 of 1st period - Puck is out of play.
5:54 of 1st period - Tomas Hertl wins face-off versus Robert Thomas in St.Louis Blues zone.
5:59 of 1st period - Wrist shot by Johnny Gaudreau.
5:59 of 1st period - Shot Misses the Net.
6:01 of 1st period - Snap shot by Tomas Hertl.
6:01 of 1st period - Shot Misses the Net.
6:03 of 1st period - Slapshot by Vladislav Gavrikov.
6:03 of 1st period - Stopped by Scott Wedgewood without a rebound.
6:04 of 1st period - Tomas Hertl wins face-off versus Elias Pettersson in St.Louis Blues zone.
6:08 of 1st period - Minor Penalty to Colton Parayko for Hooking.
6:09 of 1st period - Frederick Gaudreau wins face-off versus Anze Kopitar in St.Louis Blues zone.
6:13 of 1st period - Snap shot by Frederick Gaudreau.
6:13 of 1st period - Stopped by Darcy Kuemper without a rebound.
6:14 of 1st period - Anze Kopitar wins face-off versus Frederick Gaudreau in Tampa Bay Lightning zone.
7:25 of 1st period - Snap shot by Robert Thomas.
7:25 of 1st period - Shot Blocked by Darnell Nurse.
7:33 of 1st period - Ondrej Kase is hit by Roope Hintz and loses puck.
8:08 of 1st period - Penalty to Colton Parayko is over, Colton Parayko is back on ice.
8:22 of 1st period - Ryan Graves is hit by Evander Kane and loses puck.
8:41 of 1st period - Morgan Rielly is hit by Tomas Hertl and loses puck.
8:48 of 1st period - Johnny Gaudreau is hit by Jake Guentzel and loses puck.
8:59 of 1st period - Wrist shot by Alex DeBrincat.
8:59 of 1st period - Stopped by Darcy Kuemper without a rebound.
9:00 of 1st period - Anze Kopitar wins face-off versus Alex DeBrincat in Tampa Bay Lightning zone.
9:43 of 1st period - Snap shot by Johnny Gaudreau.
9:43 of 1st period - Deflect By Connor Brown.
9:43 of 1st period - Stopped by Scott Wedgewood without a rebound.
9:44 of 1st period - Elias Pettersson wins face-off versus Christian Dvorak in St.Louis Blues zone.
10:44 of 1st period - Minor Penalty to Alex Pietrangelo for Tripping.
10:45 of 1st period - Frederick Gaudreau wins face-off versus Anze Kopitar in St.Louis Blues zone.
11:22 of 1st period - Jimmy Vesey is hit by Dylan Cozens and loses puck.
11:41 of 1st period - Icing by Gabriel Landeskog.
11:42 of 1st period - Gabriel Landeskog wins face-off versus Frederick Gaudreau in Tampa Bay Lightning zone.
12:22 of 1st period - Icing by Johnny Gaudreau.
12:23 of 1st period - Tomas Hertl wins face-off versus Robert Thomas in Tampa Bay Lightning zone.
12:28 of 1st period - Colton Parayko is hit by Tomas Hertl and loses puck.
12:44 of 1st period - Penalty to Alex Pietrangelo is over, Alex Pietrangelo is back on ice.
13:02 of 1st period - Snap shot by Alex Pietrangelo.
13:02 of 1st period - Shot Misses the Net.
13:04 of 1st period - Backhand shot by Alex Pietrangelo.
13:04 of 1st period - Shot Misses the Net.
13:06 of 1st period - Snap shot by Jimmy Vesey.
13:06 of 1st period - Stopped by Darcy Kuemper without a rebound.
13:07 of 1st period - Anze Kopitar wins face-off versus Elias Pettersson in Tampa Bay Lightning zone.
13:14 of 1st period - Wrist shot by Dylan Cozens.
13:14 of 1st period - Stopped by Scott Wedgewood with a rebound.
13:37 of 1st period - Snap shot by Alex DeBrincat.
13:37 of 1st period - Deflect By Connor Brown.
13:37 of 1st period - Shot Blocked by Darnell Nurse.
13:37 of 1st period - Puck is out of play.
13:38 of 1st period - Tomas Hertl wins face-off versus Robert Thomas in Tampa Bay Lightning zone.
13:51 of 1st period - Alex Pietrangelo is hit by Johnny Gaudreau and loses puck.
14:00 of 1st period - Minor Penalty to Alex Pietrangelo for Hooking.
14:01 of 1st period - Anze Kopitar wins face-off versus Frederick Gaudreau in St.Louis Blues zone.
14:08 of 1st period - Wrist shot by Gabriel Landeskog.
14:08 of 1st period - Shot Blocked by Danny DeKeyser.
14:10 of 1st period - Snap shot by Gabriel Landeskog.
14:10 of 1st period - Deflect By Kirill Kaprizov.
14:10 of 1st period - Shot Misses the Net.
14:10 of 1st period - Puck is out of play.
14:11 of 1st period - Frederick Gaudreau wins face-off versus Anze Kopitar in St.Louis Blues zone.
14:58 of 1st period - Wrist shot by Ondrej Kase.
14:58 of 1st period - Stopped by Darcy Kuemper with a rebound.
15:04 of 1st period - Ondrej Kase is hit by Moritz Seider and loses puck.
15:39 of 1st period - Frederick Gaudreau is hit by Gabriel Landeskog and loses puck.
16:00 of 1st period - Penalty to Alex Pietrangelo is over, Alex Pietrangelo is back on ice.
16:04 of 1st period - Adam Pelech is hit by Alexander Kerfoot and loses puck.
16:15 of 1st period - Snap shot by Alex Pietrangelo.
16:15 of 1st period - Stopped by Darcy Kuemper without a rebound.
16:16 of 1st period - Elias Pettersson wins face-off versus Lars Eller in Tampa Bay Lightning zone.
16:30 of 1st period - Off-side.
16:31 of 1st period - Tomas Hertl wins face-off versus Elias Pettersson in neutral zone.
16:33 of 1st period - Off-side.
16:34 of 1st period - Tomas Hertl wins face-off versus Elias Pettersson in neutral zone.
17:09 of 1st period - Snap shot by Connor Brown.
17:09 of 1st period - Shot Hit the Post.
17:15 of 1st period - Slapshot by Tomas Hertl.
17:15 of 1st period - Shot Blocked by Alex Pietrangelo.
17:28 of 1st period - Backhand shot by Hampus Lindholm.
17:28 of 1st period - Shot Misses the Net.
17:30 of 1st period - Slapshot by Dylan Cozens.
17:30 of 1st period - Deflect By Roope Hintz.
17:30 of 1st period - Shot Blocked by Jonas Brodin.
17:30 of 1st period - Puck is out of play.
17:31 of 1st period - Dylan Cozens wins face-off versus Robert Thomas in St.Louis Blues zone.
17:38 of 1st period - Snap shot by Anze Kopitar.
17:38 of 1st period - Stopped by Scott Wedgewood without a rebound.
17:39 of 1st period - Elias Pettersson wins face-off versus Anze Kopitar in St.Louis Blues zone.
18:10 of 1st period - Snap shot by Anze Kopitar.
18:10 of 1st period - Shot Misses the Net.
18:12 of 1st period - Snap shot by Anze Kopitar.
18:12 of 1st period - Shot Misses the Net.
18:32 of 1st period - Wrist shot by Anze Kopitar.
18:32 of 1st period - Shot Misses the Net.
18:34 of 1st period - Wrist shot by Anze Kopitar.
18:34 of 1st period - Shot Misses the Net.
18:36 of 1st period - Slapshot by Moritz Seider.
18:36 of 1st period - Stopped by Scott Wedgewood without a rebound.
18:37 of 1st period - Robert Thomas wins face-off versus Tomas Hertl in St.Louis Blues zone.
18:37 of 1st period - Robert Thomas is hit by Tomas Hertl.
18:43 of 1st period - Wrist shot by Tage Thompson.
18:43 of 1st period - Stopped by Darcy Kuemper without a rebound.
18:44 of 1st period - Robert Thomas wins face-off versus Tomas Hertl in Tampa Bay Lightning zone.
19:03 of 1st period - Snap shot by Alex DeBrincat.
19:03 of 1st period - Shot Misses the Net.
19:51 of 1st period - Slapshot by Tage Thompson.
19:51 of 1st period - Stopped by Darcy Kuemper without a rebound.
19:52 of 1st period - Elias Pettersson wins face-off versus Roope Hintz in Tampa Bay Lightning zone.
19:57 of 1st period - Snap shot by Jake Guentzel.
19:57 of 1st period - Stopped by Darcy Kuemper without a rebound.
19:58 of 1st period - Elias Pettersson wins face-off versus Dylan Cozens in Tampa Bay Lightning zone.
Goals for this period are 0 for Tampa Bay Lightning vs 0 for St.Louis Blues.
Shots for this period are 11 for Tampa Bay Lightning vs 12 for St.Louis Blues.
2nd period
0:01 of 2nd period - Tomas Hertl wins face-off versus Alex Tuch in neutral zone.
0:34 of 2nd period - Snap shot by Dylan Cozens.
0:34 of 2nd period - Shot Misses the Net.
0:36 of 2nd period - Backhand shot by Hampus Lindholm.
0:36 of 2nd period - Stopped by Scott Wedgewood without a rebound.
0:37 of 2nd period - Anze Kopitar wins face-off versus Jack Eichel in St.Louis Blues zone.
0:49 of 2nd period - Slapshot by Hampus Lindholm.
0:49 of 2nd period - Stopped by Scott Wedgewood with a rebound.
0:51 of 2nd period - Snap shot by Anze Kopitar.
0:51 of 2nd period - Stopped by Scott Wedgewood without a rebound.
0:52 of 2nd period - Christian Dvorak wins face-off versus Jake Guentzel in St.Louis Blues zone.
1:22 of 2nd period - Tomas Hertl is hit by Evander Kane.
2:19 of 2nd period - Elias Pettersson is hit by Kirill Kaprizov and loses puck.
2:38 of 2nd period - Slapshot by Jonas Brodin.
2:38 of 2nd period - Shot Misses the Net.
2:40 of 2nd period - Snap shot by Joe Pavelski.
2:40 of 2nd period - Stopped by Darcy Kuemper without a rebound.
2:41 of 2nd period - Johnny Gaudreau wins face-off versus Jack Eichel in Tampa Bay Lightning zone.
2:56 of 2nd period - Slapshot by Evander Kane.
2:56 of 2nd period - Shot Blocked by Johnny Gaudreau.
3:14 of 2nd period - Snap shot by Jake Guentzel.
3:14 of 2nd period - Stopped by Darcy Kuemper without a rebound.
3:15 of 2nd period - Anze Kopitar wins face-off versus Elias Pettersson in Tampa Bay Lightning zone.
3:19 of 2nd period - Off-side.
3:20 of 2nd period - Christian Dvorak wins face-off versus Elias Pettersson in neutral zone.
3:23 of 2nd period - Elias Pettersson is hit by Moritz Seider and loses puck.
3:50 of 2nd period - Slapshot by Robert Thomas.
3:50 of 2nd period - Stopped by Darcy Kuemper with a rebound.
3:52 of 2nd period - Snap shot by Alex Pietrangelo.
3:52 of 2nd period - Shot Misses the Net.
3:54 of 2nd period - Wrist shot by Alex DeBrincat.
3:54 of 2nd period - Goal by Alex DeBrincat - Tampa Bay Lightning : 0 - St.Louis Blues : 1.
3:55 of 2nd period - Anze Kopitar wins face-off versus Elias Pettersson in neutral zone.
4:25 of 2nd period - Wrist shot by Gabriel Landeskog.
4:25 of 2nd period - Stopped by Scott Wedgewood with a rebound.
4:55 of 2nd period - Alex Tuch is hit by Tomas Hertl and loses puck.
5:14 of 2nd period - Wrist shot by Jake Guentzel.
5:14 of 2nd period - Shot Misses the Net.
5:16 of 2nd period - Slapshot by Alex Pietrangelo.
5:16 of 2nd period - Stopped by Darcy Kuemper with a rebound.
5:18 of 2nd period - Slapshot by Colton Parayko.
5:18 of 2nd period - Deflect By Ivan Barbashev.
5:18 of 2nd period - Stopped by Darcy Kuemper with a rebound.
5:58 of 2nd period - Wrist shot by Gabriel Landeskog.
5:58 of 2nd period - Stopped by Scott Wedgewood with a rebound.
6:00 of 2nd period - Snap shot by Gabriel Landeskog.
6:00 of 2nd period - Stopped by Scott Wedgewood without a rebound.
6:01 of 2nd period - Tomas Hertl wins face-off versus Jack Eichel in St.Louis Blues zone.
6:12 of 2nd period - Snap shot by Evander Kane.
6:12 of 2nd period - Shot Misses the Net.
6:18 of 2nd period - Wrist shot by Jack Eichel.
6:18 of 2nd period - Stopped by Darcy Kuemper with a rebound.
6:36 of 2nd period - Snap shot by Anze Kopitar.
6:36 of 2nd period - Stopped by Scott Wedgewood with a rebound.
6:38 of 2nd period - Wrist shot by Hampus Lindholm.
6:38 of 2nd period - Stopped by Scott Wedgewood with a rebound.
7:22 of 2nd period - Snap shot by Alex DeBrincat.
7:22 of 2nd period - Shot Misses the Net.
7:24 of 2nd period - Slapshot by Danny DeKeyser.
7:24 of 2nd period - Deflect By Alex DeBrincat.
7:24 of 2nd period - Stopped by Darcy Kuemper without a rebound.
7:25 of 2nd period - Jack Eichel wins face-off versus Tomas Hertl in Tampa Bay Lightning zone.
7:42 of 2nd period - Snap shot by Tomas Hertl.
7:42 of 2nd period - Shot Blocked by Morgan Rielly.
8:00 of 2nd period - Snap shot by Jonas Brodin.
8:00 of 2nd period - Stopped by Darcy Kuemper with a rebound.
8:16 of 2nd period - Snap shot by Anze Kopitar.
8:16 of 2nd period - Shot Blocked by Colton Parayko.
8:59 of 2nd period - Icing by Frederick Gaudreau.
9:00 of 2nd period - Tomas Hertl wins face-off versus Frederick Gaudreau in St.Louis Blues zone.
9:11 of 2nd period - Snap shot by Johnny Gaudreau.
9:11 of 2nd period - Shot Misses the Net.
9:29 of 2nd period - Snap shot by Jimmy Vesey.
9:29 of 2nd period - Stopped by Darcy Kuemper with a rebound.
9:31 of 2nd period - Wrist shot by Ondrej Kase.
9:31 of 2nd period - Stopped by Darcy Kuemper with a rebound.
9:33 of 2nd period - Slapshot by Danny DeKeyser.
9:33 of 2nd period - Stopped by Darcy Kuemper without a rebound.
9:34 of 2nd period - Anze Kopitar wins face-off versus Elias Pettersson in Tampa Bay Lightning zone.
9:43 of 2nd period - Anze Kopitar is hit by Alex Pietrangelo and loses puck.
10:31 of 2nd period - Icing by Alex Pietrangelo.
10:32 of 2nd period - Anze Kopitar wins face-off versus Jack Eichel in St.Louis Blues zone.
11:24 of 2nd period - Slapshot by Joe Pavelski.
11:24 of 2nd period - Shot Misses the Net.
11:26 of 2nd period - Wrist shot by Joe Pavelski.
11:26 of 2nd period - Shot Misses the Net.
11:28 of 2nd period - Slapshot by Alex Pietrangelo.
11:28 of 2nd period - Stopped by Darcy Kuemper without a rebound.
11:29 of 2nd period - Anze Kopitar wins face-off versus Elias Pettersson in Tampa Bay Lightning zone.
12:01 of 2nd period - Wrist shot by Johnny Gaudreau.
12:01 of 2nd period - Shot Misses the Net.
12:03 of 2nd period - Backhand shot by Tomas Hertl.
12:03 of 2nd period - Shot Misses the Net.
12:05 of 2nd period - Slapshot by Vladislav Gavrikov.
12:05 of 2nd period - Shot Blocked by Alex DeBrincat.
12:40 of 2nd period - Adam Pelech is hit by Lars Eller and loses puck.
12:56 of 2nd period - Morgan Rielly is hit by Alexander Romanov and loses puck.
13:20 of 2nd period - Elias Pettersson is hit by Moritz Seider and loses puck.
13:56 of 2nd period - Darnell Nurse is hit by Evander Kane and loses puck.
14:46 of 2nd period - Anze Kopitar is hit by Alex DeBrincat and loses puck.
15:07 of 2nd period - Backhand shot by Alexander Kerfoot.
15:07 of 2nd period - Stopped by Scott Wedgewood without a rebound.
15:08 of 2nd period - Anze Kopitar wins face-off versus Elias Pettersson in St.Louis Blues zone.
15:19 of 2nd period - Wrist shot by Elias Pettersson.
15:19 of 2nd period - Stopped by Darcy Kuemper with a rebound.
15:21 of 2nd period - Snap shot by Jake Guentzel.
15:21 of 2nd period - Shot Misses the Net.
15:23 of 2nd period - Wrist shot by Jake Guentzel.
15:23 of 2nd period - Shot Misses the Net.
15:25 of 2nd period - Wrist shot by Elias Pettersson.
15:25 of 2nd period - Deflect By Alex Tuch.
15:25 of 2nd period - Stopped by Darcy Kuemper with a rebound.
15:43 of 2nd period - Kirill Kaprizov is hit by Alex DeBrincat and loses puck.
16:28 of 2nd period - Snap shot by Jimmy Vesey.
16:28 of 2nd period - Shot Blocked by Hampus Lindholm.
16:30 of 2nd period - Wrist shot by Frederick Gaudreau.
16:30 of 2nd period - Stopped by Darcy Kuemper without a rebound.
16:31 of 2nd period - Tomas Hertl wins face-off versus Elias Pettersson in Tampa Bay Lightning zone.
16:58 of 2nd period - Alex DeBrincat is hit by Ryan Graves and loses puck.
17:11 of 2nd period - Slapshot by Anze Kopitar.
17:11 of 2nd period - Shot Blocked by Morgan Rielly.
17:41 of 2nd period - Wrist shot by Jack Eichel.
17:41 of 2nd period - Stopped by Darcy Kuemper without a rebound.
17:42 of 2nd period - Frederick Gaudreau wins face-off versus Lars Eller in Tampa Bay Lightning zone.
17:43 of 2nd period - Backhand shot by Alex Pietrangelo.
17:43 of 2nd period - Stopped by Darcy Kuemper without a rebound.
17:44 of 2nd period - Tomas Hertl wins face-off versus Elias Pettersson in Tampa Bay Lightning zone.
17:46 of 2nd period - Minor Penalty to Darnell Nurse for Tripping.
17:47 of 2nd period - Christian Dvorak wins face-off versus Joe Pavelski in Tampa Bay Lightning zone.
18:06 of 2nd period - Minor Penalty to Morgan Rielly for Hooking.
18:07 of 2nd period - Anze Kopitar wins face-off versus Elias Pettersson in St.Louis Blues zone.
18:10 of 2nd period - Slapshot by Anze Kopitar.
18:10 of 2nd period - Shot Misses the Net.
18:54 of 2nd period - Wrist shot by Tage Thompson.
18:54 of 2nd period - Shot Misses the Net.
18:56 of 2nd period - Slapshot by Jonas Brodin.
18:56 of 2nd period - Stopped by Darcy Kuemper with a rebound.
18:58 of 2nd period - Slapshot by Jonas Brodin.
18:58 of 2nd period - Stopped by Darcy Kuemper without a rebound.
18:59 of 2nd period - Tomas Hertl wins face-off versus Tage Thompson in Tampa Bay Lightning zone.
19:28 of 2nd period - Off-side.
19:29 of 2nd period - Kirill Kaprizov wins face-off versus Elias Pettersson in neutral zone.
19:42 of 2nd period - Wrist shot by Roope Hintz.
19:42 of 2nd period - Shot Misses the Net.
19:46 of 2nd period - Penalty to Darnell Nurse is over, Darnell Nurse is back on ice.
19:46 of 2nd period - Wrist shot by Roope Hintz.
19:46 of 2nd period - Shot Misses the Net.
19:56 of 2nd period - Slapshot by Kirill Kaprizov.
19:56 of 2nd period - Goal by Kirill Kaprizov - Tampa Bay Lightning : 1 - St.Louis Blues : 1.
19:57 of 2nd period - Tomas Hertl wins face-off versus Elias Pettersson in neutral zone.
Goals for this period are 1 for Tampa Bay Lightning vs 1 for St.Louis Blues.
Shots for this period are 10 for Tampa Bay Lightning vs 20 for St.Louis Blues.
3rd period
0:01 of 3rd period - Tomas Hertl wins face-off versus Elias Pettersson in neutral zone.
0:04 of 3rd period - Snap shot by Johnny Gaudreau.
0:04 of 3rd period - Shot Misses the Net.
0:28 of 3rd period - Slapshot by Robert Thomas.
0:28 of 3rd period - Shot Misses the Net.
0:30 of 3rd period - Wrist shot by Jonas Brodin.
0:30 of 3rd period - Deflect By Alex DeBrincat.
0:30 of 3rd period - Shot Blocked by Roope Hintz.
0:30 of 3rd period - Puck is out of play.
0:31 of 3rd period - Robert Thomas wins face-off versus Dylan Cozens in Tampa Bay Lightning zone.
0:32 of 3rd period - Snap shot by Tage Thompson.
0:32 of 3rd period - Stopped by Darcy Kuemper with a rebound.
0:42 of 3rd period - Off-side.
0:43 of 3rd period - Elias Pettersson wins face-off versus Tomas Hertl in neutral zone.
1:34 of 3rd period - Dylan Cozens is hit by Tage Thompson and loses puck.
2:05 of 3rd period - Wrist shot by Gabriel Landeskog.
2:05 of 3rd period - Stopped by Scott Wedgewood with a rebound.
3:30 of 3rd period - Alex Pietrangelo is hit by Roope Hintz and loses puck.
4:26 of 3rd period - Darnell Nurse is hit by Jack Eichel and loses puck.
4:35 of 3rd period - Slapshot by Evander Kane.
4:35 of 3rd period - Stopped by Darcy Kuemper without a rebound.
4:36 of 3rd period - Anze Kopitar wins face-off versus Elias Pettersson in Tampa Bay Lightning zone.
4:55 of 3rd period - Ryan Graves is hit by Alex Tuch and loses puck.
5:16 of 3rd period - Wrist shot by Alex Tuch.
5:16 of 3rd period - Stopped by Darcy Kuemper with a rebound.
5:33 of 3rd period - Roope Hintz is hit by Colton Parayko and loses puck.
5:59 of 3rd period - Wrist shot by Roope Hintz.
5:59 of 3rd period - Stopped by Scott Wedgewood with a rebound.
6:01 of 3rd period - Snap shot by Dylan Cozens.
6:01 of 3rd period - Stopped by Scott Wedgewood with a rebound.
6:03 of 3rd period - Slapshot by Alexander Romanov.
6:03 of 3rd period - Shot Blocked by Colton Parayko.
6:14 of 3rd period - Elias Pettersson is hit by Anze Kopitar and loses puck.
6:21 of 3rd period - Slapshot by Anze Kopitar.
6:21 of 3rd period - Deflect By Roope Hintz.
6:21 of 3rd period - Goal by Roope Hintz - Tampa Bay Lightning : 2 - St.Louis Blues : 1.
6:22 of 3rd period - Tomas Hertl wins face-off versus Robert Thomas in neutral zone.
6:29 of 3rd period - Wrist shot by Johnny Gaudreau.
6:29 of 3rd period - Shot Blocked by Jonas Brodin.
6:31 of 3rd period - Snap shot by Connor Brown.
6:31 of 3rd period - Stopped by Scott Wedgewood without a rebound.
6:32 of 3rd period - Robert Thomas wins face-off versus Tomas Hertl in St.Louis Blues zone.
7:27 of 3rd period - Morgan Rielly is hit by Connor Brown and loses puck.
7:52 of 3rd period - Snap shot by Robert Thomas.
7:52 of 3rd period - Stopped by Darcy Kuemper without a rebound.
7:53 of 3rd period - Christian Dvorak wins face-off versus Jack Eichel in Tampa Bay Lightning zone.
7:58 of 3rd period - Wrist shot by Christian Dvorak.
7:58 of 3rd period - Stopped by Scott Wedgewood with a rebound.
8:00 of 3rd period - Slapshot by Christian Dvorak.
8:00 of 3rd period - Goal by Christian Dvorak - Tampa Bay Lightning : 3 - St.Louis Blues : 1.
8:01 of 3rd period - Christian Dvorak wins face-off versus Elias Pettersson in neutral zone.
8:33 of 3rd period - Backhand shot by Jack Eichel.
8:33 of 3rd period - Stopped by Darcy Kuemper without a rebound.
8:34 of 3rd period - Anze Kopitar wins face-off versus Jack Eichel in Tampa Bay Lightning zone.
8:55 of 3rd period - Slapshot by Evander Kane.
8:55 of 3rd period - Stopped by Darcy Kuemper without a rebound.
8:56 of 3rd period - Tomas Hertl wins face-off versus Elias Pettersson in Tampa Bay Lightning zone.
8:56 of 3rd period - Tomas Hertl is hit by Jake Guentzel.
8:59 of 3rd period - Minor Penalty to Vladislav Gavrikov for Roughing.
9:00 of 3rd period - Christian Dvorak wins face-off versus Joe Pavelski in Tampa Bay Lightning zone.
9:08 of 3rd period - Alex Tuch is hit by Moritz Seider and loses puck.
9:25 of 3rd period - Moritz Seider is hit by Jake Guentzel and loses puck.
9:36 of 3rd period - Snap shot by Alex DeBrincat.
9:36 of 3rd period - Shot Misses the Net.
10:05 of 3rd period - Slapshot by Moritz Seider.
10:05 of 3rd period - Shot Misses the Net.
10:11 of 3rd period - Snap shot by Kirill Kaprizov.
10:11 of 3rd period - Stopped by Scott Wedgewood without a rebound.
10:12 of 3rd period - Alexander Kerfoot wins face-off versus Joe Pavelski in St.Louis Blues zone.
10:15 of 3rd period - Snap shot by Kirill Kaprizov.
10:15 of 3rd period - Shot Misses the Net.
10:59 of 3rd period - Penalty to Vladislav Gavrikov is over, Vladislav Gavrikov is back on ice.
11:04 of 3rd period - Hampus Lindholm is hit by Evander Kane.
12:19 of 3rd period - Snap shot by Alexander Kerfoot.
12:19 of 3rd period - Shot Blocked by Adam Pelech.
13:10 of 3rd period - Jake Guentzel is hit by Ivan Barbashev and loses puck.
13:29 of 3rd period - Joe Pavelski is hit by Christian Dvorak and loses puck.
14:22 of 3rd period - Wrist shot by Ivan Barbashev.
14:22 of 3rd period - Shot Blocked by Morgan Rielly.
14:24 of 3rd period - Wrist shot by Lars Eller.
14:24 of 3rd period - Deflect By Ivan Barbashev.
14:24 of 3rd period - Shot Misses the Net.
14:24 of 3rd period - Puck is out of play.
14:25 of 3rd period - Tomas Hertl wins face-off versus Elias Pettersson in St.Louis Blues zone.
14:49 of 3rd period - Icing by Jake Guentzel.
14:50 of 3rd period - Robert Thomas wins face-off versus Christian Dvorak in St.Louis Blues zone.
15:35 of 3rd period - Icing by Johnny Gaudreau.
15:36 of 3rd period - Jack Eichel wins face-off versus Anze Kopitar in Tampa Bay Lightning zone.
16:03 of 3rd period - Vladislav Gavrikov is hit by Alex Tuch and loses puck.
16:24 of 3rd period - Frederick Gaudreau is hit by Tomas Hertl and loses puck.
16:35 of 3rd period - Vladislav Gavrikov is hit by Jimmy Vesey and loses puck.
16:52 of 3rd period - Anze Kopitar is hit by Alex DeBrincat and loses puck.
17:12 of 3rd period - Alex Tuch is hit by Christian Dvorak and loses puck.
17:36 of 3rd period - Snap shot by Jack Eichel.
17:36 of 3rd period - Stopped by Darcy Kuemper without a rebound.
17:37 of 3rd period - Jack Eichel wins face-off versus Tomas Hertl in Tampa Bay Lightning zone.
17:38 of 3rd period - Slapshot by Joe Pavelski.
17:38 of 3rd period - Shot Misses the Net.
17:40 of 3rd period - Slapshot by Jonas Brodin.
17:40 of 3rd period - Shot Misses the Net.
18:31 of 3rd period - Moritz Seider is hit by Jimmy Vesey and loses puck.
18:50 of 3rd period - Alex Pietrangelo is hit by Tomas Hertl.
Goals for this period are 2 for Tampa Bay Lightning vs 0 for St.Louis Blues.
Shots for this period are 8 for Tampa Bay Lightning vs 7 for St.Louis Blues.
Back to the Top